 Dungeon Crawl Stone Soup version 0.29.1-15-g9cfb28693d (webtiles) character file.

Game seed: 11156095023203692886

127890 GeoRichter the Unseen (level 17, -4/115 HPs)
             Began as a Kobold Brigand on Feb 28, 2023.
             Was an Initiate of Gozag.
             Slain by a spriggan berserker
             ... wielding a +0 war axe
              (29 damage)
             ... on level 3 of the Swamp.
             The game lasted 01:11:18 (37078 turns).

GeoRichter the Unseen (Kobold Brigand)             Turns: 37078, Time: 01:11:19

Health: -4/115     AC: 27    Str: 15    XL:     17   Next: 57%
Magic:  18/18      EV: 16    Int: 14    God:    Gozag
Gold:   1762       SH: 10    Dex: 22    Spells: 18/18 levels left

rFire   + . .      SeeInvis .   b - +7 rapier (speed)
rCold   + . .      Faith    .   i - +2 buckler "Onneyck" {Will+ Str+4}
rNeg    . . .      Spirit   .   t - +6 storm dragon scales
rPois   .          Reflect  .   S - +0 helmet
rElec   +          Harm     .   c - +0 cloak
rCorr   .          Rampage  .   C - +2 pair of gloves
Will    +....                   I - +1 pair of boots {Stlth+}
Stlth   +++++++...              q - amulet of regeneration
HPRegen 1.09/turn               U - ring of protection from cold
MPRegen 0.16/turn               F - ring "Wisofim" {rF+ Str+2 Stlth+}

@: about to teleport, weak-willed, gold aura, studying 2 skills
A: small, no large weapons, nightstalker 3
a: Renounce Religion, Potion Petition, Call Merchant, Bribe Branch


You were on level 3 of the Swamp.
You worshipped Gozag.
Gozag was most pleased with you.
You visited 5 branches of the dungeon, and saw 26 of its levels.
You also visited: Bailey and Ice Cave.

You collected 10519 gold pieces.
You spent 5534 gold pieces at shops.
You paid 3223 gold pieces to Gozag.

Inventory:

Hand Weapons
 a - the +8 lance "Wyrmbane" {slay drac, rPois rF+ rC+ AC+3}
   (You found it on level 2 of the Orcish Mines)

   It inflicts extra damage against dragons and draconians.
   AC:        It affects your AC (+3).
   rF:        It protects you from fire.
   rC:        It protects you from cold.
   rPois:     It protects you from poison.
 b - a +7 rapier of speed (weapon)
   (You took it off Duvessa on level 6 of the Dungeon)
 v - a +4 dagger
   (You took it off Dowan on level 6 of the Dungeon)
Missiles
 e - 4 curare-tipped darts {!f}
Armour
 c - a +0 cloak (worn)
 i - the +2 buckler "Onneyck" (worn) {Will+ Str+4}
   (You acquired it on level 2 of the Dungeon)

   Str:       It affects your strength (+4).
   Will:      It increases your willpower.
 t - +6 storm dragon scales (worn)
   (You bought it in a shop on level 11 of the Dungeon)
 C - a +2 pair of gloves (worn)
   (You found it on level 1 of the Swamp)
 I - a +1 pair of boots of stealth (worn)
   (You bought it in a shop on level 6 of the Dungeon)
 O - the +3 leather armour "Vahiwuj" {rPois}
   (You found it on level 9 of the Dungeon)

   rPois:     It protects you from poison.
 S - a +0 helmet (worn)
   (You found it on level 9 of the Dungeon)
 X - a scarf of resistance
   (You found it on level 5 of the Lair of Beasts)
Jewellery
 d - a ring of see invisible
   (You found it on level 3 of the Lair of Beasts)
 q - an amulet of regeneration (around neck)
   (You bought it in a shop on level 15 of the Dungeon)
 s - a ring of flight
   (You found it on level 13 of the Dungeon)
 w - the ring "Omay" {rPois Will- Str+10 Int-3}
   (You acquired it on level 3 of the Dungeon)

   [ring of poison resistance]

   Str:       It affects your strength (+10).
   Int:       It affects your intelligence (-3).
   rPois:     It protects you from poison.
   Will:      It decreases your willpower.
 F - the ring "Wisofim" (right hand) {rF+ Str+2 Stlth+}
   (You acquired it in a bailey)

   [ring of protection from fire]

   Str:       It affects your strength (+2).
   rF:        It protects you from fire.
   Stlth:     It makes you more stealthy.
 P - the amulet of Ikkit {Acrobat rPois}
   (You found it on level 12 of the Dungeon)

   [amulet of the acrobat]

   It increases your evasion while moving and waiting.
   rPois:     It protects you from poison.
 U - a ring of protection from cold (left hand)
   (You found it in an ice cave)
Wands
 h - a wand of digging (5)
   (You found it on level 3 of the Dungeon)
 z - a wand of flame (18) (quivered)
   (You found it on level 3 of the Dungeon)
 G - a wand of polymorph (6)
   (You took it off Blork the orc on level 5 of the Dungeon)
 R - a wand of charming (7)
   (You found it on level 13 of the Dungeon)
 T - a wand of iceblast (11)
   (You found it on level 14 of the Dungeon)
 V - a wand of mindburst (4)
   (You found it on level 4 of the Lair of Beasts)
Scrolls
 l - 3 scrolls of noise {!r}
 o - 3 scrolls of torment {!r}
 p - a scroll of vulnerability {!r}
 u - 2 scrolls of fear
 x - 2 scrolls of summoning {unknown}
 y - 5 scrolls of amnesia
 A - 3 scrolls of blinking
 B - 2 scrolls of magic mapping
 H - a scroll of poison {!r}
 J - a scroll of enchant armour
 K - 5 scrolls of fog
 Z - 2 scrolls of immolation {unknown}
Potions
 f - 4 potions of curing {@q1}
 g - a potion of resistance {unknown}
 k - 4 potions of lignification {!q}
 m - 3 potions of flight
 n - 3 potions of haste {@q3}
 r - 2 potions of mutation {unknown}
 D - 6 potions of magic
 E - a potion of cancellation {unknown}
 L - 2 potions of brilliance
 M - 5 potions of attraction {!q}
 W - a potion of berserk rage {unknown}
 Y - 2 potions of might {unknown}
Miscellaneous
 j - a box of beasts (inert)
   (You bought it in a shop on level 6 of the Dungeon)
 N - a condenser vane
   (You found it in a bailey)


   Skills:
 + Level 16.2 Fighting
 - Level 14.0 Short Blades
 * Level 9.4 Polearms
 - Level 2.1 Throwing
 + Level 7.4 Armour
 - Level 13.5 Dodging
 - Level 17.7 Stealth
 - Level 7.0 Shields
 - Level 1.0 Spellcasting
 - Level 11.3 Evocations


You had 18 spell levels left.
You didn't know any spells.
Your spell library contained the following spells:

 Spells                   Type           Power      Damage    Failure   Level
 Beastly Appendage        Tmut           0%         N/A       99%         1
 Freeze                   Ice            0%         1d3       99%         1
 Ensorcelled Hibernation  Hex/Ice        0%         N/A       100%        2
 Passwall                 Tmut/Erth      0%         N/A       100%        2
 Wereblood                Tmut           0%         N/A       100%        2
 Frozen Ramparts          Ice            0%         1d1       100%        3
 Ozocubu's Armour         Ice            0%         N/A       100%        3
 Spider Form              Tmut/Pois      0%         N/A       100%        3
 Stone Arrow              Conj/Erth      0%         3d7       100%        3
 Swiftness                Air            0%         N/A       100%        3
 Airstrike                Air            0%         2d(0-16)  100%        4
 Animate Armour           Summ/Erth      0%         N/A       100%        4
 Hailstorm                Conj/Ice       0%         3d3       100%        4
 Ice Form                 Ice/Tmut       0%         N/A       100%        4
 Petrify                  Tmut/Erth      0%         N/A       100%        4
 Summon Ice Beast         Ice/Summ       0%         N/A       100%        4
 Summon Lightning Spire   Summ/Air       0%         N/A       100%        4
 Fireball                 Conj/Fire      0%         3d3       100%        5
 Iskenderun's Battlesphe  Conj           0%         2d6       100%        5
 Lightning Bolt           Conj/Air       0%         1d11      100%        5
 Metabolic Englaciation   Hex/Ice        0%         N/A       100%        5
 Summon Forest            Summ/Tloc      0%         N/A       100%        5
 Conjure Ball Lightning   Conj/Air       0%         3x3d6     100%        6
 Eringya's Noxious Bog    Tmut/Pois      0%         N/A       100%        6
 Statue Form              Tmut/Erth      0%         N/A       100%        6
 Orb of Destruction       Conj           0%         9d5       100%        7
 Summon Hydra             Summ           0%         N/A       100%        7
 Lehudib's Crystal Spear  Conj/Erth      0%         10d2      100%        8
 Summon Horrible Things   Summ           0%         N/A       100%        8
 Simulacrum               Ice/Necr       Unusable   N/A       N/A         6

Dungeon Overview and Level Annotations

Branches:
Dungeon (15/15) Zot: 25078  Temple (1/1) D:6 Zot: 5963    Lair (5/5) D:9 Zot: 22714
  Swamp (2/4) Lair:3 Zot: 16907   Snake (0/4) Lair:3        Slime (0/5) Lair:5
    Orc (2/2) D:11 Zot: 8620     Elf (0/3) Orc:2        Vaults (0/5) D:13
 Depths (0/4) D:15         Bailey (visited)           IceCv (visited)

Altars:
Ashenzari
Cheibriados
Dithmenos
Elyvilon
Fedhas
Gozag
Hepliaklqana
Kikubaaqudgha
Makhleb
Nemelex Xobeh
Okawaru
Qazlal
Ru
Sif Muna
Trog
Uskayaw
Vehumet
Wu Jian
Xom
Yredelemnul
Zin
The Shining One

Shops:
D:6 *   D:9 (   D:11 [([   D:12 (   D:15 *   Orc:2 :(=?=:

Portals:
Hell: Lair:5

Annotations:
D:6 2 transporters
D:9 2 transporters, solar's ghost, journeyman GrFi
D:12 2 transporters, ripuliukko's ghost, journeyman MiFi
Lair:3 1 runed translucent door, Quickbrownfox's ghost, journeyman OpEE
Swamp:1 Roxanne


Innate Abilities, Weirdness & Mutations

You are small and have problems with some larger weapons.
You are completely attuned to the shadows.


Message History

You puncture the will-o-the-wisp!
The spriggan rider hits you with a +0 spear.
You barely miss the will-o-the-wisp.
The foxfire hits you but does no damage.
You resist. The spriggan rider barely misses you.
The spriggan berserker hits you with a +0 war axe!
You puncture the will-o-the-wisp!
You destroy the will-o-the-wisp!
You hit the spriggan berserker.
The spriggan rider hits you but does no damage.
The spriggan rider closely misses you.
You closely miss the spriggan berserker.
The spriggan berserker hits you but does no damage.
You closely miss the spriggan berserker.
The spriggan rider hits you but does no damage.
You closely miss the spriggan berserker.
You block the spriggan rider's attack.
The spriggan berserker prays to Trog.
The spriggan berserker goes berserk!
You puncture the spriggan berserker!
The spriggan rider hits you but does no damage.
You closely miss the spriggan berserker.
You block the spriggan berserker's attack.
The spriggan rider misses you.
You hit the spriggan berserker. The spriggan berserker misses you.
The spriggan rider hits you but does no damage.
Okay, then.
That's the wrong kind of item! (Use * to select it.)
Okay, then.
You open the lid... ...and a mature firesting beast leaps out!
The box is emptied!
The spriggan berserker hits you with a +0 war axe!!
The spriggan rider hits you from afar with a +0 spear!
* * * LOW HITPOINT WARNING * * *
The spriggan berserker hits you with a +0 war axe!!
* * * LOW HITPOINT WARNING * * *
Blink to where?
As you read the scroll of blinking, it crumbles to dust.
As you read the scroll of teleportation {@r4}, it crumbles to dust.
You feel strangely unstable.
Okay, then.
Really read
p - 2 scrolls of vulnerability {!r}?
Really read the scroll of vulnerability?
As you read the scroll of vulnerability {!r}, it crumbles to dust.
Magic quickly surges around you.
The spriggan berserker rages.
The spriggan berserker hits you with a +0 war axe!!
You die...
Your body crumbles into a pile of gold.

.~.♣ §♣.♣
~... ~~..
~~.. .i.
....♣.♣
...$i♣♣
.~..~.♣♣
~...§~i~♣♣
~..♣H~.i.♣♣
.~♣♣♣.~.@.♣
~. ♣..~.~♣
♣.§.~♣♣
♣♣.♣♣♣ ♣♣


You could see 2 spriggan riders, a spriggan berserker (berserk, weak-willed,
ally target) and a friendly mature firesting beast (summoned, weak-willed).

Vanquished Creatures
  Rupert (Lair:4)
  Jorgrun (D:15)
  Mlioglotl (Swamp:1)
  Agnes (D:14)
  Louise (D:15)
  2 orc warlords (Orc:2)
  2 eleionomae (Swamp:1)
  A bunyip (Swamp:1)
  A dire elephant (Lair:5)
  Azrael (D:15)
  Harold (Orc:1)
  2 vault guards (D:13)
  5 boulder beetles
  8 hydras
  A great orb of eyes (IceCv)
  2 ogre magi (D:15)
  Erica (Orc:1)
  11 two-headed ogres
  2 centaur warriors
  An alligator (Swamp:1)
  16 death yaks
  3 tengu warriors (D:15)
  7 orc high priests (Orc:2)
  Nergalle (Orc:1)
  A goliath frog (Swamp:1)
  A spriggan druid (Swamp:1)
  4 bog bodies
  4 wizards
  6 orc knights
  2 will-o-the-wisps
  A necromancer (D:15)
  2 deep elf zephyrmancers (D:15)
  3 manticores
  13 ugly things
  An elephant (Lair:5)
  2 orc sorcerers
  4 cyclopes
  An ice statue (IceCv)
  A centaur zombie (D:15)
  Maurice (D:8)
  7 black mambas
  An orange demon (Lair:5)
  A torpor snail (Lair:3)
  8 cane toads
  4 molten gargoyles (D:10)
  3 centaur skeletons (D:15)
  Maggie (D:6)
  An unseen horror (D:13)
  2 kobold demonologists
  9 komodo dragons
  4 rime drakes (Lair:5)
  2 yaktaurs
  3 tengu conjurers
  9 trolls
  2 ice devils (Lair:5)
  9 polar bears
  4 tyrant leeches
  A hornet (D:9)
  10 blink frogs
  2 dream sheep (Lair:3)
  Sigmund (D:6)
  2 vampires
  4 wraiths
  Grum (D:10)
  A hog (shapeshifter) (D:14)
  3 wyverns
  5 basilisks
  76 yaks
  5 fire elementals (D:15)
  20 humans (D:13)
  Menkaure (D:6)
  9 swamp worms (Swamp:1)
  9 wargs (Orc:2)
  7 vampire mosquitoes
  Edmund (D:4)
  Duvessa (D:6)
  6 hell hounds
  2 acid dragons
  19 water moccasins
  A sky beast (D:8)
  4 black bears
  52 orc warriors
  2 ice beasts
  9 ogres
  41 wolves
  7 centaurs
  A phantom (D:4)
  3 kobold brigands
  Blork the orc (D:5)
  A gnoll sergeant (D:12)
  10 bullfrogs
  3 scorpions
  2 necrophages (D:5)
  5 wights (D:9)
  Dowan (D:6)
  2 jellies
  6 killer bees (D:9)
  2 hounds (D:6)
  32 orc priests
  6 iguanas
  Jessica (D:2)
  Natasha (thrice) (D:4)
  13 orc wizards
  7 hell rats (Lair:5)
  16 gnolls
  7 adders
  A shadow imp (D:6)
  A white imp (D:7)
  An ufetubus (D:5)
  2 worms
  3 dart slugs
  97 orcs
  7 ball pythons
  11 bats
  4 endoplasms
  4 giant cockroaches
  12 goblins
  8 hobgoblins
  8 jackals
  5 quokkas
  4 frilled lizards
  18 kobolds
  7 rats
807 creatures vanquished.

Vanquished Creatures (collateral kills)
  An orc warlord (Orc:2)
  3 death yaks
  A sun demon (Lair:5)
  A smoke demon (Lair:5)
  2 red devils (Lair:5)
  A troll (Orc:2)
  3 yaks
  5 orc warriors (Orc:2)
  An orc wizard (Orc:2)
  7 orcs (Orc:2)
25 creatures vanquished.

Vanquished Creatures (others)
  An angel (D:4)
  An ironbound frostheart (IceCv)
  An orange demon (Lair:5)
  2 polar bears (IceCv)
  An orc warrior (Orc:2)
  An orc priest (Orc:2)
  An orc (Orc:2)
  A bush (Lair:5)
  6 foxfires
  18 fungi
  17 plants
50 creatures vanquished.

Grand Total: 882 creatures vanquished

Notes
Turn   | Place    | Note
-------+----------+-------------------------------------------
     0 | D:1      | GeoRichter the Kobold Brigand began the quest for the Orb.
     0 | D:1      | Reached XP level 1. HP: 12/12 MP: 1/1
   181 | D:1      | Found a faded altar of an unknown god.
   425 | D:1      | Reached XP level 2. HP: 16/17 MP: 2/2
  1355 | D:2      | Reached XP level 3. HP: 21/21 MP: 3/3
  1412 | D:2      | Identified the +1 scale mail of Rationality {rN++ Str+4}
  1766 | D:2      | You fall into a shaft and drop 1 floor!
  1839 | D:2      | Reached skill level 6 in Stealth
  2418 | D:2      | Noticed Jessica
  2420 | D:2      | Identified a scroll of acquirement
  2420 | D:2      | Acquired the +2 buckler "Onneyck" {Will+ Str+4}
  2430 | D:2      | Killed Jessica
  2431 | D:2      | Reached skill level 5 in Short Blades
  2431 | D:2      | Reached XP level 4. HP: 14/26 MP: 4/4
  3236 | D:3      | Reached XP level 5. HP: 20/30 MP: 5/5
  3644 | D:3      | Acquired the ring "Omay" {rPois Will- Str+10 Int-3}
  4260 | D:4      | Noticed Natasha
  4285 | D:4      | Killed Natasha
  4286 | D:4      | Reached skill level 7 in Stealth
  4286 | D:4      | Reached XP level 6. HP: 35/35 MP: 6/6
  4320 | D:4      | Noticed Natasha
  4371 | D:4      | Killed Natasha
  4406 | D:4      | Killed an angel
  4589 | D:4      | Noticed Natasha
  4606 | D:4      | Killed Natasha
  4607 | D:4      | Reached skill level 1 in Evocations
  4856 | D:4      | Noticed Edmund
  4866 | D:4      | Killed Edmund
  4867 | D:4      | Reached XP level 7. HP: 34/40 MP: 7/7
  4912 | D:4      | Found a basalt altar of Yredelemnul.
  5017 | D:4      | Found a shimmering altar of Xom.
  5080 | D:4      | Found a bloodstained altar of Trog.
  5385 | D:4      | Found a blossoming altar of Fedhas.
  5644 | D:4      | Found a glowing silver altar of Zin.
  5839 | D:5      | Entered Level 5 of the Dungeon
  6110 | D:5      | Reached XP level 8. HP: 9/39 MP: 8/8
  6390 | D:5      | Noticed Blork the orc
  6394 | D:5      | Killed Blork the orc
  6510 | D:5      | Reached skill level 10 in Short Blades
  6510 | D:5      | Reached skill level 1 in Armour
  7498 | D:6      | Found a staircase to the Ecumenical Temple.
  7510 | D:6      | Noticed Maggie
  7519 | Temple   | Entered the Ecumenical Temple
  7574 | D:6      | Found a transporter.
  7575 | D:6      | Killed Maggie
  7576 | D:6      | Reached XP level 9. HP: 51/51 MP: 9/9
  7619 | D:6      | Reached skill level 8 in Stealth
  7792 | D:6      | Noticed Duvessa
  7792 | D:6      | Noticed Dowan
  7796 | D:6      | Killed Dowan
  7804 | D:6      | Killed Duvessa
  7936 | D:6      | Noticed Menkaure
  7955 | D:6      | Killed Menkaure
  8100 | D:6      | Found a glowing golden altar of the Shining One.
  8416 | D:6      | Noticed Sigmund
  8421 | D:6      | Killed Sigmund
  8422 | D:6      | Reached skill level 1 in Spellcasting
  8458 | D:6      | Found Xasaudgh's General Store.
  8462 | D:6      | Bought a +1 pair of boots of stealth for 247 gold pieces
  8598 | D:6      | Found a transporter.
  8621 | D:6      | Noticed a kobold demonologist
 10104 | D:8      | Reached skill level 9 in Stealth
 10104 | D:8      | Reached XP level 10. HP: 21/58 MP: 11/11
 10111 | D:8      | Reached skill level 5 in Fighting
 10117 | D:8      | Reached skill level 5 in Dodging
 10326 | D:8      | Reached skill level 5 in Shields
 10463 | D:8      | Noticed Maurice
 10485 | D:8      | Killed Maurice
 10545 | D:8      | Found an ancient bone altar of Kikubaaqudgha.
 11074 | D:9      | Found Ocogg's Weapon Boutique.
 11111 | D:9      | Found an opulent altar of Gozag.
 11117 | D:9      | Became a worshipper of Gozag Ym Sagoz the Greedy
 11169 | D:9      | Found a flagged portal.
 11339 | D:9      | Noticed a two-headed ogre
 11405 | D:9      | Killed a two-headed ogre
 11406 | D:9      | Reached skill level 10 in Stealth
 11725 | Bailey   | Entered a bailey
 11959 | Bailey   | Reached XP level 11. HP: 49/64 MP: 12/12
 12146 | Bailey   | Noticed an orc knight
 12173 | Bailey   | Killed an orc knight
 12286 | Bailey   | Acquired the ring "Wisofim" {rF+ Str+2 Stlth+}
 12502 | D:9      | Identified the +3 leather armour "Vahiwuj" {rPois}
 12625 | D:9      | Found a transporter.
 12625 | D:9      | Noticed solar's ghost (journeyman GrFi)
 12845 | D:6      | Bought a potion of heal wounds for 75 gold pieces
 12845 | D:6      | Bought a scroll of enchant weapon for 112 gold pieces
 13127 | D:9      | Noticed a deep elf pyromancer
 13151 | D:9      | Reached skill level 11 in Stealth
 13185 | D:9      | Found a transporter.
 13354 | D:9      | Found a staircase to the Lair.
 13724 | D:10     | Entered Level 10 of the Dungeon
 14015 | D:10     | Found a stormy altar of Qazlal.
 14126 | D:10     | Found a sparkling altar of Nemelex Xobeh.
 14177 | D:10     | Noticed a two-headed ogre
 14184 | D:10     | Killed a two-headed ogre
 14185 | D:10     | Reached XP level 12. HP: 51/73 MP: 13/13
 14549 | D:10     | Noticed Grum
 14610 | D:10     | Killed Grum
 14611 | D:10     | Reached skill level 12 in Stealth
 14829 | Lair:1   | Entered Level 1 of the Lair of Beasts
 15709 | Lair:1   | Found a shimmering blue altar of Sif Muna.
 16212 | Lair:2   | Found a frozen archway.
 16223 | IceCv    | Entered an ice cave
 16664 | IceCv    | Reached skill level 5 in Evocations
 17017 | IceCv    | Reached skill level 13 in Stealth
 17022 | IceCv    | Reached XP level 13. HP: 80/80 MP: 14/14
 17218 | IceCv    | Reached skill level 10 in Fighting
 17358 | IceCv    | Noticed an ironbound frostheart
 17358 | IceCv    | Noticed an ironbound frostheart
 17379 | IceCv    | Reached skill level 10 in Dodging
 17549 | IceCv    | Noticed a great orb of eyes
 17549 | IceCv    | an ironbound frostheart changed into a great orb of eyes
 17567 | IceCv    | Killed a great orb of eyes
 18043 | Lair:2   | Noticed a six-headed hydra
 18053 | Lair:2   | Killed a six-headed hydra
 18398 | D:6      | Bought a scroll of identify for 30 gold pieces
 18398 | D:6      | Bought a box of beasts for 600 gold pieces
 18398 | D:6      | Bought a scroll of identify for 30 gold pieces
 18779 | Lair:2   | You fall into a shaft and drop 1 floor!
 18807 | Lair:3   | Found a runed translucent door.
 18807 | Lair:3   | Noticed Quickbrownfox's ghost (journeyman OpEE)
 18874 | Lair:3   | Reached skill level 14 in Stealth
 19019 | Lair:3   | Found a staircase to the Swamp.
 19632 | Lair:3   | Reached XP level 14. HP: 91/91 MP: 15/15
 20456 | Lair:3   | Found a staircase to the Snake Pit.
 21162 | Lair:4   | Noticed Rupert
 21172 | Lair:4   | Killed Rupert
 21173 | Lair:4   | Reached skill level 15 in Stealth
 22246 | Lair:5   | Entered Level 5 of the Lair of Beasts
 22782 | Lair:5   | Noticed a dire elephant
 22786 | Lair:5   | Killed a dire elephant
 22910 | Lair:5   | Found a burning altar of Makhleb.
 22982 | Lair:5   | Reached XP level 15. HP: 70/100 MP: 16/16
 23173 | Lair:5   | Found a gateway to Hell.
 23665 | Lair:5   | Reached skill level 16 in Stealth
 23669 | Lair:5   | Reached skill level 10 in Evocations
 24212 | Lair:5   | Found a staircase to the Slime Pits.
 24902 | D:11     | Found a staircase to the Orcish Mines.
 25849 | Orc:1    | Entered Level 1 of the Orcish Mines
 25849 | Orc:1    | Noticed Nergalle
 25851 | Orc:1    | Killed Nergalle
 25912 | Orc:1    | Noticed Harold
 25915 | Orc:1    | Reached skill level 15 in Fighting
 25930 | Orc:1    | Killed Harold
 25931 | Orc:1    | Noticed Erica
 25944 | Orc:1    | Killed Erica
 26226 | Orc:2    | Entered Level 2 of the Orcish Mines
 26508 | Orc:2    | Found Doosm's Book Shop.
 26515 | Orc:2    | Noticed an orc warlord
 26542 | Orc:2    | Killed an orc warlord
 26723 | Orc:2    | Noticed an orc warlord
 26758 | Orc:2    | Killed an orc warlord
 26759 | Orc:2    | Reached skill level 17 in Stealth
 26887 | Orc:2    | Noticed an orc warlord
 26919 | Orc:2    | Killed an orc warlord
 27296 | Orc:2    | Identified the +1 great sword of Virtue {venom, Will+
                  | Str+3}
 27488 | Orc:2    | Found a staircase to the Elven Halls.
 27572 | Orc:2    | Found Rideotov's Magic Scroll Emporium.
 27579 | Orc:2    | Reached XP level 16. HP: 108/108 MP: 17/17
 27876 | Orc:2    | Found the +8 lance "Wyrmbane" {slay drac, rPois rF+ rC+
                  | AC+3}
 27882 | Orc:2    | Got Dispater's Papyrus of Mustering
 28951 | Orc:2    | Bought a scroll of acquirement for 624 gold pieces
 28951 | Orc:2    | Acquired 1207 gold pieces
 29340 | Orc:2    | Found Gofylodgh's Jewellery Boutique.
 29341 | Orc:2    | Found Liretese's Jewellery Shop.
 29342 | Orc:2    | Found Jucroklu's Book Shop.
 29342 | Orc:2    | Found Ohieja Hahu's Weapon Shop.
 29628 | D:11     | Bought shiny storm dragon scales for 3486 gold pieces
 29784 | D:12     | Found a transporter.
 29790 | D:12     | Noticed ripuliukko's ghost (journeyman MiFi)
 29801 | D:12     | Found a transporter.
 30080 | D:12     | Reached skill level 1 in Polearms
 30298 | D:12     | Identified the amulet of Ikkit {Acrobat rPois}
 31020 | D:12     | Found Gaveb's Antique Weapon Shoppe.
 32011 | D:13     | Found a gate to the Vaults.
 32054 | D:13     | Reached skill level 5 in Armour
 32968 | D:14     | Noticed Agnes
 32972 | D:14     | Killed Agnes
 33232 | D:14     | Reached skill level 5 in Polearms
 33801 | D:15     | Entered Level 15 of the Dungeon
 34330 | D:15     | Noticed Azrael
 34369 | D:15     | Killed Azrael
 34700 | D:15     | Reached XP level 17. HP: 115/115 MP: 18/18
 34740 | D:15     | Noticed Jorgrun
 34743 | D:15     | Killed Jorgrun
 34893 | D:15     | Noticed Louise
 34897 | D:15     | Killed Louise
 35023 | D:15     | Found a staircase to the Depths.
 35337 | D:15     | Found Geuss's Neck Hole.
 35346 | D:15     | Acquired a manual of Polearms
 35361 | D:15     | Bought an amulet of regeneration for 330 gold pieces
 35964 | Swamp:1  | Entered Level 1 of the Swamp
 36115 | Swamp:1  | Noticed Mlioglotl
 36121 | Swamp:1  | Killed Mlioglotl
 36447 | Swamp:1  | Identified Roxanne's Folio of Clay
 36447 | Swamp:1  | Noticed Roxanne
 37023 | Swamp:2  | Identified the +8 broad axe of the Mind {freeze, rCorr
                  | Int+5}
 37056 | Swamp:2  | You fall into a shaft and drop 1 floor!
 37078 | Swamp:3  | Slain by a spriggan berserker

Illustrated notes

Levels and vault maps discovered:
D:1:      lightli_arrival_lavapool, layout_basic,
          chequers_ecumenical_altar_simple, minmay_misc_feat_room
D:2:      layout_basic, grunt_decor_one_mirror, grunt_decor_clamped,
          uniq_jessica
D:3:      minmay_diamond_boxcup, layout_rooms, minmay_puff
D:4:      layout_basic, grunt_temple_overflow_order_and_chaos_1,
          mainiacjoe_overflow_cross_hatched, overflow_temple_1_default,
          trog_three_pillars_becter, minmay_misc_feat_rows, minmay_diced_spiral,
          uniq_natasha, uniq_edmund
D:5:      layout_basic, uniq_blork_the_orc
D:6:      gammafunk_wand_slinger, layout_basic, lemuel_coloured_pillars_altar,
          minmay_temple_entry_sparse_star, serial_shops, nicolae_diamond_shop,
          fountainhead, uniq_maggie, uniq_duvessa, uniq_sigmund, uniq_menkaure
D:7:      layout_basic, nicolae_specific_store,
          hangedman_abyss_or_decor_jellyfish_corner, nicolae_hexahallways,
          hangedman_abyss_or_decor_passed
D:8:      layout_basic, mainiacjoe_overflow_boulevard, minmay_misc_feat_rugged,
          uniq_maurice
D:9:      layout_roguey, mainiacjoe_overflow_brackets,
          due_lair_maze_entry_diamond, enter_bailey_3, gammafunk_ghost_arena,
          serial_shops, nicolae_shop_hallway_stairs
D:10:     layout_roguey, nemelex_altar_shiori, nicolae_qazlal_style_of_elements,
          minivault_8, uniq_grum
D:11:     layout_gridville, orc_0_dummy, grunt_decor_arrowhead
D:12:     layout_basic, serial_shops, nicolae_shop_hallway_stairs,
          gammafunk_ghost_wrathful_warriors
D:13:     layout_roguey, grunt_vaults_entry_tiered, dreamdust_mushroom_princess
D:14:     layout_loops_ring, kennysheep_decorative_pillar, uniq_agnes
D:15:     grunt_enter_depths_magical_seal, layout_loops_ring,
          nicolae_shop_sticking_my_neck_out, uniq_louise, uniq_jorgrun,
          uniq_azrael
Temple:   nicolae_temple_no_exploring_needed
Lair:1:   layout_roguey, lemuel_centaur_altar
Lair:2:   layout_regular_city, portal_ice_cave_entry_pillars_2,
          chequers_serial_rivers_micro_c, guppyfry_lair_drakes,
          lemuel_fruit_tree, grunt_megastairs_2
Lair:3:   layout_regular_city, skrybe_swamp_entry_bodies,
          guppyfry_snake_entry_garden, hellmonk_ghost_happy_afterlife,
          grunt_forest_small_clearing_treed, grunt_megastairs_3
Lair:4:   layout_layer_cave, grunt_megastairs_1, uniq_rupert
Lair:5:   evil_forest, layout_big_grid, slime_entry_1, grunt_megastairs_4
Swamp:1:  layout_basic_swamp, nicolae_swamp_small_spring, swamp_pool2,
          uniq_roxanne, uniq_mlioglotl
Swamp:2:  layout_falls_marsh, nicolae_swamp_orc_logging_accident
Swamp:3:  layout_falls_marsh, nicolae_swamp_decorative_isthmus, swamp_pool1,
          infiniplex_staircase_pool
Orc:1:    layout_diamond_mine, uniq_nergalle, uniq_erica, uniq_harold
Orc:2:    st_orc_pillars, layout_caves, serial_shops, nicolae_diamond_shop,
          shop, minmay_orc_treasury

Skill      XL: |  1  2  3  4  5  6  7  8  9 10 11 12 13 14 15 16 17 |
---------------+----------------------------------------------------+-----
Short Blades   | 3 5 6 7 9 10 11 13 14 | 14.0
Stealth        | 6 7 9 10 11 13 14 15 17 | 17.7
Evocations     | 2 3 4 5 7 9 11 | 11.3
Armour         | 2 3 4 6 7 |  7.4
Fighting       | 3 4 6 7 9 11 13 15 16 | 16.2
Dodging        | 2 4 6 7 9 10 12 13 | 13.5
Shields        | 2 4 6 7 |  7.0
Spellcasting   | 1 |  1.0
Polearms       | 6 9 |  9.4
Throwing       | |  2.1

Action                   |  1- 3 |  4- 6 |  7- 9 | 10-12 | 13-15 | 16-18 || total
-------------------------+-------+-------+-------+-------+-------+-------++-------
Melee: Dagger            |   100 |   178 |   249 |       |       |       ||   527
       Punch             |     2 |     1 |       |       |       |       ||     3
       Rapier            |       |       |    73 |   726 |  1295 |  1229 ||  3323
       Lance             |       |       |       |       |       |    41 ||    41
Throw: Dart              |     9 |    17 |     8 |     6 |     1 |       ||    41
Invok: Call Merchant     |       |       |       |       |     3 |       ||     3
       Potion Petition   |       |       |       |       |       |     1 ||     1
Evoke: Wand              |       |     8 |     5 |    27 |    63 |    16 ||   119
       Condenser vane    |       |       |       |       |     3 |     1 ||     4
       Box of beasts     |       |       |       |       |     3 |     2 ||     5
  Use: Scroll            |     1 |     1 |     6 |     8 |     8 |    23 ||    47
       Potion            |       |     2 |     1 |       |     6 |    13 ||    22
 Stab: Sleeping          |     9 |    23 |    24 |    33 |    78 |    47 ||   214
       Invisible         |       |     2 |     3 |     6 |    14 |     5 ||    30
       Distracted        |       |       |     1 |     4 |    19 |    18 ||    42
Armor: Robe              |     9 |       |       |       |       |       ||     9
       Scale mail        |    10 |    10 |       |       |       |       ||    20
       Leather armour    |       |     9 |    14 |    44 |    69 |     6 ||   142
       Steam dragon scal |       |       |    19 |     8 |       |       ||    27
       Storm dragon scal |       |       |       |       |       |   151 ||   151
Dodge: Dodged            |    60 |    53 |   117 |   273 |   402 |   411 ||  1316
Block: Buckler           |       |    37 |    76 |   189 |   231 |   243 ||   776
